 Dungeon Crawl Stone Soup version 0.16.1-51-g6203257 (webtiles) character file.

56 kae the Chopper (level 3, 0/31 HPs)
             Began as a Hill Orc Abyssal Knight on July 12, 2015.
             Was a Follower of Lugonu.
             Slain by a worker ant (6 damage)
             ... on level 5 of the Dungeon.
             The game lasted 00:02:19 (2177 turns).

kae the Chopper (Hill Orc Abyssal Knight)           Turns: 2177, Time: 00:02:20

Health: 0/31       AC:  5    Str: 15    XL:     3   Next: 95%
Magic:  5/5        EV:  8    Int: 12    God:    Lugonu [*.....]
Gold:   92         SH:  6    Dex: 10    Spells: 0 memorised, 2 levels left

rFire  . . .     SeeInvis .     a - +1 hand axe
rCold  . . .     Clarity  .     b - +0 leather armour
rNeg   . . .     SustAb   .     p - +0 shield
rPois  .         Gourm    .     h - +0 helmet
rElec  .         Spirit   .     (no cloak)
rCorr  .         Warding  .     t - +0 pair of gloves
rMut   .         Stasis   .     (no boots)
MR     .....                    (no amulet)
Stlth  +.........               (no ring)
                                m - ring of wizardry

@: lethally poisoned (0 -> -21), not resistant to hostile enchantments, very
unstealthy
A: no striking features
a: Depart the Abyss, Renounce Religion


You were on level 5 of the Dungeon.
You worshipped Lugonu.
Lugonu was aware of your devotion.
You were not hungry.

You visited 1 branch of the dungeon, and saw 4 of its levels.
You visited the Abyss 1 time.

You collected 92 gold pieces.

Inventory:

Hand weapons
 a - a +1 hand axe (weapon)
Armour
 b - a +0 leather armour (worn)
 h - a +0 helmet (worn)
 p - a +0 shield (worn)
 t - a +0 pair of gloves (worn)
Jewellery
 m - a ring of wizardry (left hand)
Scrolls
 e - 2 scrolls of remove curse {unknown}
 f - 3 scrolls of recharging {unknown}
 g - a scroll of blinking {unknown}
 i - a scroll of fear {unknown}
 j - 2 scrolls of identify {unknown}
Potions
 k - a potion of curing
 n - 2 potions of poison {unknown}
 o - a potion of flight {unknown}
 s - a potion of restore abilities {unknown}
 u - a potion of mutation {unknown}
Comestibles
 c - 2 meat rations
 d - 2 bread rations
 l - 2 royal jellies
 r - a beef jerky


   Skills:
 - Level 3.6 Fighting
 * Level 4.5 Axes
 - Level 2.1 Armour
 - Level 0.7 Dodging
 + Level 3.8 Invocations


You had 2 spell levels left.
You didn't know any spells.

Dungeon Overview and Level Annotations

Branches:
Dungeon (5/15)
 Temple: D:4-7

Altars:


Message History

You are more poisoned.
The worker ant poisons you!
You hit the worker ant.
The worker ant is moderately wounded.
You feel sick. The worker ant closely misses you.
You hit the worker ant.
The worker ant is heavily wounded.
You feel sick.
The worker ant bites you but does no damage.
The worker ant bites you.
You closely miss the worker ant.
The worker ant is heavily wounded.
You feel sick. The worker ant bites you.
You barely miss the worker ant.
The worker ant is heavily wounded.
You feel sick. The worker ant bites you.
* * * LOW HITPOINT WARNING * * *
You are more poisoned.
The worker ant poisons you! The worker ant bites you.
You die...

#....'.....#.....
#....#.....#.....
#....#.....#.....
######.....#.....#+###
#......+.........#+##
#......#.............# #
##.....####+#........#
##. #.....##...a........+
#...##.....##..@#........
#...............##+##....
#...............# ...
#..............)+ .
#################


You could see a worker ant.

Vanquished Creatures
  An adder (D:2)
  A worm (D:2)
  7 goblins
  3 hobgoblins
  7 bats
  4 giant cockroaches
  4 giant newts
  7 kobolds
  6 rats
40 creatures vanquished.

Notes
Turn   | Place    | Note
--------------------------------------------------------------
     0 | Abyss:1  | kae, the Hill Orc Abyssal Knight, began the quest for the Orb.
     0 | Abyss:1  | Reached XP level 1. HP: 19/19 MP: 1/1
    63 | Abyss:1  | Noticed a large abomination
    67 | Abyss:1  | Noticed an ancient zyme
    89 | Abyss:1  | Noticed a spiny frog zombie
    89 | D:1      | Escaped the Abyss
   358 | D:1      | Reached XP level 2. HP: 23/26 MP: 2/2
   777 | D:1      | Acquired Lugonu's first power
   993 | D:2      | Reached XP level 3. HP: 8/31 MP: 5/5
  1369 | D:2      | Reached skill level 4 in Axes
  2050 | D:3      | You fall through a shaft for 2 floors!
  2050 | D:5      | Entered Level 5 of the Dungeon
  2177 | D:5      | Slain by a worker ant

Action                   || total
-------------------------++-------
Melee: Hand axe          ||   132
Invok: Depart the Abyss  ||     1
  Use: Potion            ||     1
  Eat: Chunk             ||     4
